 Dungeon Crawl Stone Soup version 0.20-a0-1089-g3fde505 (webtiles) character file.

112 Alarkh the Chopper (level 4, -6/52 HPs)
             Began as a Demonspawn Berserker on May 3, 2017.
             Was a Believer of Trog.
             Mangled by a two-headed ogre
             ... wielding a +0 giant club
              (14 damage)
             ... on level 4 of the Dungeon.
             The game lasted 00:01:59 (2885 turns).

Alarkh the Chopper (Demonspawn Berserker)           Turns: 2885, Time: 00:02:00

Health: -6/52      AC:  2    Str: 22    XL:     4   Next: 64%
Magic:  13/13      EV: 12    Int: 10    God:    Trog [**....]
Gold:   117        SH:  0    Dex: 12    Spells: 3/3 levels left

rFire    . . .     SeeInvis .   a - +0 hand axe
rCold    . . .     Gourm    .   (no shield)
rNeg     . . .     Faith    .   b - +0 animal skin
rPois    .         Spirit   .   (no helmet)
rElec    .         Reflect  .   (no cloak)
rCorr    .         Harm     .   (no gloves)
MR       .....                  (no boots)
Stlth    ..........             (no amulet)
Regen    0.2/turn               j - ring of magical power
MPRegen  0.2/turn               (no ring)

@: berserking, very quick
A: talons 1
a: Berserk, Trog's Hand, Burn Spellbooks, Renounce Religion


You were on level 4 of the Dungeon.
You worshipped Trog.
Trog was pleased with you.
You were very hungry.

You visited 1 branch of the dungeon, and saw 4 of its levels.

You collected 117 gold pieces.

Inventory:

Hand Weapons
 a - a +0 hand axe (weapon)
Armour
 b - a +0 animal skin (worn)
Jewellery
 j - a ring of magical power (left hand)
Scrolls
 e - 2 scrolls of identify
 g - a scroll of immolation {unknown}
 i - 2 scrolls of teleportation {unknown}
 m - a scroll of blinking {unknown}
 q - a scroll of random uselessness {unknown}
 s - a scroll of fear {unknown}
 t - a scroll of enchant weapon {unknown}
 u - a scroll of recharging {unknown}
 v - a scroll of remove curse {unknown}
Potions
 d - a potion of lignification
 h - a potion of might {unknown}
 k - a potion of curing {unknown}
 l - a potion of resistance {unknown}
 o - a potion of flight {unknown}
 p - a potion of heal wounds {unknown}
Comestibles
 c - 4 bread rations
 f - a royal jelly
 n - 2 meat rations
 r - 2 chunks of flesh


   Skills:
 - Level 3.0 Fighting
 + Level 5.0 Axes
 - Level 1.7 Armour
 - Level 1.7 Dodging


You had 3 spell levels left.
You didn't know any spells.

Dungeon Overview and Level Annotations

Branches:
Dungeon (3/15)

Altars:
Gozag
Zin


Innate Abilities, Weirdness & Mutations

You have sharp toenails.


Message History

Found 14 sling bullets.
You see here 22 stones.
n - 2 meat rations (gained 1)
A two-headed ogre comes into view.
It is wielding a giant club and a giant spiked club.
The two-headed ogre shouts in stereo!
Found 15 gold pieces.
You see here 14 sling bullets.
A red film seems to cover your vision as you go berserk!
You feel yourself moving faster!
You feel mighty!
You are feeling very hungry.
The two-headed ogre hits you with a giant club!
The two-headed ogre hits you with a giant spiked club!
You hit the two-headed ogre.
The two-headed ogre is lightly wounded.
You hit the two-headed ogre.
The two-headed ogre is lightly wounded.
The two-headed ogre hits you with a giant club!!
* * * LOW HITPOINT WARNING * * *
The two-headed ogre hits you with a giant spiked club!
You die...

.....#..## #...#......
........###...........
...#....(......#......
.....#.......#.......
##.....#...#........
#.......#..........
#........#........##
.......#...#.......#
.../#......@#.....
..#.........O.#...
..............##
$.........#####
..........#
.........#.
.#......###. #....##


You could see a two-headed ogre.

Vanquished Creatures
  An orc priest (D:3)
  2 adders (D:2)
  An ooze (D:2)
  4 dart slugs
  3 leopard geckos
  2 orcs (D:3)
  2 bats (D:1)
  7 giant cockroaches
  2 goblins
  4 hobgoblins
  4 jackals (D:2)
  3 frilled lizards (D:1)
  5 kobolds
  8 rats
48 creatures vanquished.

Notes
Turn   | Place    | Note
-------+----------+-------------------------------------------
     0 | D:1      | Alarkh the Demonspawn Berserker began the quest for the Orb.
     0 | D:1      | Reached XP level 1. HP: 18/18 MP: 1/1
   148 | D:1      | Reached skill level 3 in Axes
   177 | D:1      | Gained mutation: You have sharp toenails. [demonic ancestry]
   177 | D:1      | Reached XP level 2. HP: 19/24 MP: 2/2
  1093 | D:1      | Reached ** piety under Trog
  1245 | D:1      | Reached XP level 3. HP: 29/29 MP: 3/3
  1547 | D:2      | Reached skill level 4 in Axes
  2267 | D:2      | Found an opulent altar of Gozag.
  2267 | D:2      | Found a glowing silver altar of Zin.
  2370 | D:2      | Reached XP level 4. HP: 35/35 MP: 4/4
  2583 | D:3      | Reached skill level 5 in Axes
  2726 | D:3      | You fall through a shaft!
  2880 | D:4      | Noticed a two-headed ogre
  2885 | D:4      | Mangled by a two-headed ogre

Vault maps used:
D:1:      lemuel_arrival_muddy, minmay_misc_feat_secret_circle
D:2:      grunt_temple_overflow_gold_and_silver, first_bread
D:3:      kennysheep_cross_bottleneck, kennysheep_boxes
D:4:      grunt_temple_overflow_open, minmay_misc_feat_more_columns

Skill      XL: |  1  2  3  4 |
---------------+-------------+-----
Axes           | 3 4 5 |  5.0
Fighting       | |  3.0
Armour         | |  1.7
Dodging        | |  1.7

Action                   |  1- 3 |  4- 6 || total
-------------------------+-------+-------++-------
Melee: Hand axe          |   115 |    25 ||   140
       Kick              |    21 |     5 ||    26
Invok: Berserk           |     1 |     2 ||     3
  Use: Scroll            |     1 |       ||     1
 Stab: Sleeping          |       |     1 ||     1
  Eat: Chunk             |     5 |     3 ||     8
Armor: Animal skin       |    28 |     1 ||    29
Dodge: Dodged            |    58 |     7 ||    65
